 Dungeon Crawl Stone Soup version 0.23-a0-445-g768d57b (webtiles) character file.

64767 Dfrag the Destroyer (level 14, -1/99 HPs)
             Began as a Demonspawn Fire Elementalist on Nov 17, 2018.
             Was the Champion of Makhleb.
             Slain by a 12-headed hydra (5 damage)
             ... on level 13 of the Dungeon.
             The game lasted 00:55:28 (24441 turns).

Dfrag the Destroyer (Demonspawn Fire Elementalist) Turns: 24441, Time: 00:55:29

Health: -1/99      AC: 16    Str: 14    XL:     14   Next: 73%
Magic:  0/31       EV: 12    Int: 20    God:    Makhleb [******]
Gold:   1148       SH:  6    Dex: 14    Spells: 23/40 levels left

rFire    + + +     SeeInvis .   Z - +5 long sword of Joelug {venom, rPois rF+ Str+4}
rCold    x . .     Gourm    .   (no shield)
rNeg     . . .     Faith    .   u - +2 robe {MR+}
rPois    +         Spirit   +   H - +2 helmet
rElec    .         Reflect  .   F - +1 cloak {rF+}
rCorr    .         Harm     .   l - +2 pair of gloves
MR       ++...                  (boots unavailable)
Stlth    +.........             m - amulet of rage
HPRegen  0.26/turn              o - +4 ring of protection
MPRegen  0.22/turn              Y - ring of fire

@: drained
A: hooves 3, large bone plates 2, powered by pain 2, magic shield
a: Minor Destruction, Lesser Servant of Makhleb, Major Destruction, Greater
Servant of Makhleb, Renounce Religion, Evoke Berserk Rage


You were on level 13 of the Dungeon.
You worshipped Makhleb.
Makhleb was exalted by your worship.
You were very hungry.

You visited 2 branches of the dungeon, and saw 19 of its levels.
You also visited: Bailey and Volcano.

You collected 1307 gold pieces.
You spent 159 gold pieces at shops.

Inventory:

Hand Weapons
 Z - the +5 long sword of Joelug (weapon) {venom, rPois rF+ Str+4}
   (You found it on level 6 of the Lair of Beasts)

   It poisons the flesh of those it strikes.
   It affects your strength (+4).
   It protects you from fire.
   It protects you from poison.
Armour
 l - a +2 pair of gloves (worn)
 q - the +1 ring mail "Kejyel" {MP+9}
   (You found it on level 12 of the Dungeon)

   It affects your magic capacity (+9).
 r - a +2 cloak
 u - a +2 robe of magic resistance (worn)
 F - a +1 cloak of fire resistance (worn)
 H - a +2 helmet (worn)
Jewellery
 e - a +4 ring of protection
 m - an amulet of rage (around neck)
 n - an uncursed ring of protection from magic
 o - a +4 ring of protection (left hand)
 x - an uncursed amulet of harm
 G - an uncursed ring of magical power {unknown}
 S - a +3 ring of evasion
 Y - a ring of fire (right hand)
Wands
 y - a wand of iceblast (36)
 D - a wand of flame (18)
 J - a wand of paralysis (22)
 M - a wand of acid (17)
 W - a wand of scattershot (5)
Scrolls
 d - 2 scrolls of blinking
 i - 3 scrolls of enchant armour
 j - 12 scrolls of remove curse
 k - 5 scrolls of fog
 p - 5 scrolls of immolation
 t - 3 scrolls of amnesia
 w - a scroll of magic mapping
 z - 3 scrolls of teleportation
 B - 2 scrolls of enchant weapon
 P - a scroll of identify
 T - 4 scrolls of fear
Potions
 b - 2 potions of heal wounds
 f - a potion of ambrosia
 g - 2 potions of agility
 h - 6 potions of brilliance
 s - 5 potions of curing
 v - 2 potions of cancellation
 A - 2 potions of mutation {unknown}
 C - 2 potions of magic {unknown}
 E - 2 potions of haste
 I - a potion of berserk rage {unknown}
 K - 3 potions of might {unknown}
 O - 3 potions of invisibility {unknown}
 Q - 3 potions of degeneration {unknown}
 R - 3 potions of lignification {unknown}
 U - 3 potions of flight
Miscellaneous
 L - a phial of floods
 N - a fan of gales
Comestibles
 a - 12 chunks of flesh
 c - 52 rations


   Skills:
 + Level 5.9(5.5) Fighting
 + Level 2.8(2.4) Armour
 - Level 1.7(1.4) Dodging
 - Level 1.7(1.4) Stealth
 + Level 13.8(13.4) Spellcasting
 - Level 14.4(14.0) Conjurations
 - Level 13.0(12.6) Fire Magic


You had 23 spell levels left.
You knew the following spells:

 Your Spells              Type           Power        Failure   Level  Hunger
a - Flame Tongue          Conj/Fire      #####        1%          1    None
b - Conjure Flame         Conj/Fire      #######.     1%          3    None
c - Sticky Flame          Conj/Fire      #######.     1%          4    None
d - Fireball              Conj/Fire      #######...   1%          5    ####...
e - Throw Icicle          Conj/Ice       #####...     2%          4    None

Your spell library contained the following spells:

 Spells                   Type           Power        Failure   Level  Hunger
 Throw Flame              Conj/Fire      ######       1%          2    None
 Throw Frost              Conj/Ice       #####.       1%          2    None
 Inner Flame              Hex/Fire       ######..     1%          3    None
 Beastly Appendage        Tmut           ##....       4%          1    None
 Freeze                   Ice            ##..         4%          1    None
 Call Imp                 Summ           ##......     8%          2    None
 Ensorcelled Hibernation  Hex/Ice        ##....       8%          2    None
 Shroud of Golubria       Chrm/Tloc      ##........   8%          2    None
 Sticks to Snakes         Tmut           ##......     8%          2    None
 Ozocubu's Armour         Chrm/Ice       ##......     14%         3    None
 Spider Form              Tmut/Pois      ##........   14%         3    None
 Ice Form                 Ice/Tmut       ##......     43%         4    None
 Summon Ice Beast         Ice/Summ       ##......     43%         4    None
 Blade Hands              Tmut           ##........   80%         5    ####...
 Ring of Flames           Chrm/Fire      ######....   97%         7    #######
 Ozocubu's Refrigeration  Ice            ##........   100%        6    #####..


Dungeon Overview and Level Annotations

Branches:
Dungeon (13/15)            Temple (0/1) D:5            Lair (6/6) D:10
 Shoals (0/4) Lair:2        Snake (0/4) Lair:4        Slime (0/5) Lair:5
    Orc (0/2) D:10
 Vaults: D:13-14

Altars:
Hepliaklqana
Kikubaaqudgha
Makhleb
Okawaru
Qazlal
Sif Muna
Xom
Jiyva

Shops:
D:12 *

Annotations:
D:9 exclusion: orange crystal statue
D:12 2 transporters, Stomo's ghost, journeyman DrTm
D:13 kriv's ghost, journeyman MiFi
Lair:4 3 runed doors, Umoon's ghost, journeyman DDBe


Innate Abilities, Weirdness & Mutations

You have hooves in place of feet.
You are mostly covered in large bone plates. (SH +6)
You sometimes gain power by taking damage.
When hurt, damage is shared between your health and your magic reserves.


Message History

Unknown command.
Casting: Fireball (safe; 1% risk of failure)
Confirm with . or Enter, or press ? or * to list all spells.
Aiming: Fireball (safe; 1% risk of failure)
Press: ? - help, Shift-Dir - straight line You feel a surge of power!
The fireball explodes!
The fireball engulfs the 12-headed hydra.
The 12-headed hydra is almost dead.
You hear a shout! x2
The 12-headed hydra bites you.
* * * LOW HITPOINT WARNING * * *
The 12-headed hydra bites you!
* * * LOW HITPOINT WARNING * * *
The 12-headed hydra bites you but does no damage.
The 12-headed hydra bites you!
* * * LOW HITPOINT WARNING * * *
The 12-headed hydra bites you.
* * * LOW HITPOINT WARNING * * *
The 12-headed hydra bites you.
You die...

# #### #.## #..###...#
## ###....#...##
##..#...........###
#.....@.........#.#..
#......D..............#
#........D..............
.......#..............#.
.o.....#...$............
..o...................##
.....#..................
o.#.####................
#. #.....#....#......


You could see a 12-headed hydra, a 11-headed hydra, an orc wizard and 2 orcs.

Vanquished Creatures
  Kirke (Lair:6)
  Nessos (Lair:5)
  Snorg (Lair:6)
  6 hydras
  Fannar (D:12)
  A centaur warrior (D:13)
  2 catoblepae (Lair:6)
  A two-headed ogre (D:11)
  An unseen horror (D:11)
  5 skeletal warriors (D:12)
  2 orc knights
  3 lindwurms
  2 cyclopes
  An orc sorcerer (D:11)
  6 manticores
  An ugly thing (D:11)
  6 elephants (Lair:6)
  4 black mambas
  A centaur zombie (D:10)
  2 torpor snails
  10 spiny frogs
  A gargoyle (D:12)
  2 rime drakes (Lair:6)
  4 komodo dragons
  A hornet (Lair:2)
  10 polar bears (Lair:6)
  A merfolk (Lair:2)
  3 trolls
  9 hippogriffs
  5 slime creatures
  Prince Ribbit (D:7)
  26 blink frogs
  A raiju (Lair:6)
  3 wyverns
  51 yaks
  3 hogs
  A wraith (D:12)
  3 fire bats (Volcano)
  A hungry ghost (D:8)
  5 basilisks
  7 wargs
  A soldier ant (D:13)
  9 water moccasins
  4 porcupines
  18 hell hounds
  12 orc warriors
  An ice beast (D:12)
  11 black bears (Lair:6)
  3 sky beasts
  A necrophage (D:12)
  A phantom (D:9)
  An eye of draining (D:13)
  3 ogres
  25 wolves
  10 centaurs
  7 crocodiles
  3 big kobolds
  21 bullfrogs
  6 scorpions
  10 wights
  3 killer bees (D:12)
  4 electric eels
  2 howler monkeys
  3 crimson imps
  3 bullfrog zombies
  3 hounds
  4 jellies
  6 orc priests
  13 orc wizards
  2 centaur skeletons
  Natasha (twice) (D:3)
  5 iguanas
  8 worker ants
  A worker ant zombie (D:10)
  2 howler monkey skeletons
  15 adders
  2 shadow imps
  5 oozes
  3 adder skeletons
  A dart slug (D:1)
  9 leopard geckos
  33 orcs
  A ball python (D:2)
  10 bats
  6 giant cockroaches
  8 hobgoblins
  10 jackals
  4 quokkas
  A frilled lizard (D:2)
  8 goblins
  35 kobolds
  A leopard gecko skeleton (D:4)
  2 quokka zombies
  9 rats
  3 fungi
570 creatures vanquished.

Vanquished Creatures (others)
  A dire elephant (Lair:5)
  23 fungi
  23 plants
  4 toadstools (D:1)
51 creatures vanquished.

Grand Total: 621 creatures vanquished

Notes
Turn   | Place    | Note
-------+----------+-------------------------------------------
     0 | D:1      | Dfrag the Demonspawn Fire Elementalist began the quest for
                  | the Orb.
     0 | D:1      | Reached XP level 1. HP: 13/13 MP: 3/3
   261 | D:1      | Gained mutation: You are partially covered in large bone
                  | plates. (SH +4) [demonic ancestry]
   261 | D:1      | Reached XP level 2. HP: 15/19 MP: 3/5
   980 | D:2      | Gained mutation: You have large cloven feet. [demonic
                  | ancestry]
   980 | D:2      | Reached XP level 3. HP: 20/24 MP: 3/6
  1094 | D:2      | Reached skill level 2 in Conjurations
  1233 | D:2      | Learned a level 3 spell: Conjure Flame
  1385 | D:2      | Found a hazy altar of Hepliaklqana.
  1389 | D:2      | Found a burning altar of Makhleb.
  1392 | D:2      | Found a deep blue altar of Sif Muna.
  1401 | D:2      | Became a worshipper of Makhleb the Destroyer
  1683 | D:3      | Noticed Natasha
  1685 | D:3      | Killed Natasha
  1685 | D:3      | Gained mutation: You are mostly covered in large bone
                  | plates. (SH +6) [demonic ancestry]
  1685 | D:3      | Reached XP level 4. HP: 30/30 MP: 5/8
  1780 | D:2      | Learned a level 4 spell: Sticky Flame
  2148 | D:3      | Noticed Natasha
  2156 | D:3      | Killed Natasha
  2156 | D:3      | Reached * piety under Makhleb
  2343 | D:4      | Gained mutation: You sometimes gain a little power by
                  | taking damage. [demonic ancestry]
  2343 | D:4      | Reached XP level 5. HP: 35/35 MP: 4/10
  2356 | D:4      | Reached skill level 3 in Conjurations
  2622 | D:4      | Reached XP level 6. HP: 10/41 MP: 1/11
  3083 | D:5      | Entered Level 5 of the Dungeon
  3380 | D:5      | Reached skill level 4 in Conjurations
  3462 | D:5      | Found an ancient bone altar of Kikubaaqudgha.
  3665 | D:6      | Reached XP level 7. HP: 46/46 MP: 5/13
  3966 | D:5      | Found a shimmering altar of Xom.
  4096 | D:5      | Found an iron altar of Okawaru.
  4117 | D:5      | Found a staircase to the Ecumenical Temple.
  4772 | D:6      | Reached skill level 5 in Fire Magic
  5233 | D:6      | Reached ** piety under Makhleb
  5233 | D:6      | Reached skill level 5 in Spellcasting
  5233 | D:6      | Reached skill level 5 in Conjurations
  5441 | D:7      | Noticed a hippogriff
  5463 | D:6      | Killed a hippogriff
  5463 | D:6      | Reached XP level 8. HP: 52/52 MP: 0/16
  5711 | D:7      | Noticed Prince Ribbit
  5722 | D:7      | Killed Prince Ribbit
  5722 | D:7      | Reached skill level 6 in Conjurations
  5893 | D:7      | Found a stormy altar of Qazlal.
  6109 | D:8      | Noticed a hippogriff
  6113 | D:8      | Killed a hippogriff
  6214 | D:8      | Gained mutation: You have hoof-like feet. [demonic
                  | ancestry]
  6214 | D:8      | Reached XP level 9. HP: 57/57 MP: 3/18
  6538 | D:8      | Learned a level 5 spell: Fireball
  6719 | D:8      | Reached skill level 7 in Conjurations
  6881 | D:9      | Noticed an orange crystal statue
  6895 | D:9      | Paralysed by fainting for 6 turns
  8034 | D:9      | Reached skill level 8 in Conjurations
  8469 | D:9      | Reached *** piety under Makhleb
  8638 | D:10     | Entered Level 10 of the Dungeon
  8689 | D:10     | Gained mutation: You sometimes gain power by taking damage.
                  | [demonic ancestry]
  8689 | D:10     | Reached XP level 10. HP: 44/63 MP: 10/22
  8872 | D:10     | Noticed a cyclops
  9037 | D:10     | Killed a cyclops
  9037 | D:10     | Reached skill level 9 in Conjurations
  9449 | D:10     | Found a staircase to the Orcish Mines.
  9970 | D:10     | Found a staircase to the Lair.
 10294 | D:11     | Noticed a cyan ugly thing
 10311 | D:11     | Killed a cyan ugly thing
 10314 | D:11     | Reached **** piety under Makhleb
 10338 | D:11     | Noticed a manticore
 10354 | D:11     | Noticed a two-headed ogre
 10376 | D:11     | Killed a two-headed ogre
 10376 | D:11     | Reached XP level 11. HP: 67/68 MP: 2/24
 10531 | D:11     | Noticed an orc sorcerer
 10559 | D:11     | Paralysed by an orc sorcerer for 7 turns
 10566 | D:11     | Killed an orc sorcerer
 10566 | D:11     | Reached skill level 10 in Conjurations
 10658 | Lair:1   | Entered Level 1 of the Lair of Beasts
 10665 | Lair:1   | Learned a level 4 spell: Throw Icicle
 10730 | Lair:1   | Noticed a five-headed hydra
 11000 | Lair:1   | Found a dark tunnel.
 11035 | Lair:1   | Reached skill level 10 in Fire Magic
 11069 | Volcano  | Entered a volcano
 11182 | Volcano  | Noticed a fire dragon
 11480 | Volcano  | Noticed a lindwurm
 11494 | Volcano  | Killed a lindwurm
 11494 | Volcano  | Reached skill level 10 in Spellcasting
 12018 | Lair:1   | Killed a five-headed hydra
 12018 | Lair:1   | Reached skill level 11 in Conjurations
 12555 | Lair:2   | Gained mutation: You have hooves in place of feet. [demonic
                  | ancestry]
 12555 | Lair:2   | Reached XP level 12. HP: 73/74 MP: 18/26
 12630 | Lair:2   | Reached ***** piety under Makhleb
 13109 | Lair:2   | Found a staircase to the Shoals.
 13784 | Lair:3   | Found a runed door.
 13967 | Lair:3   | Noticed an eight-headed hydra
 13971 | Lair:3   | Killed an eight-headed hydra
 14146 | Lair:3   | Noticed a four-headed hydra
 14154 | Lair:3   | Killed a four-headed hydra
 14154 | Lair:3   | Reached skill level 12 in Conjurations
 14402 | Lair:3   | Identified the Incunabulum of Augmentations and the Glacier
 14461 | Lair:4   | Identified Sif Muna's Volume of Ice and the Escort
 14845 | Lair:4   | Found a staircase to the Snake Pit.
 14901 | Lair:4   | Found a runed gate.
 14902 | Lair:4   | Found a runed gate.
 14903 | Lair:4   | Found a runed gate.
 14905 | Lair:4   | Noticed a death ooze
 15283 | Lair:4   | Found a viscous altar of Jiyva.
 15283 | Lair:4   | Noticed Umoon's ghost (journeyman DDBe)
 15309 | Lair:5   | Noticed Nessos
 15313 | Lair:5   | Killed Nessos
 15499 | Lair:5   | Reached XP level 13. HP: 79/79 MP: 18/28
 15979 | Lair:5   | Found a staircase to the Slime Pits.
 16503 | Lair:6   | Entered Level 6 of the Lair of Beasts
 16655 | Lair:6   | Reached skill level 13 in Conjurations
 17060 | Lair:6   | Noticed a dire elephant
 17061 | Lair:6   | Noticed Snorg
 17105 | Lair:5   | Killed a dire elephant
 17599 | Lair:6   | Killed Snorg
 17837 | Lair:6   | Noticed Kirke
 18060 | Lair:6   | Killed Kirke
 19037 | Lair:6   | HP: 1/79 [black bear (3)]
 19561 | Lair:6   | Reached ****** piety under Makhleb
 19715 | Lair:6   | Got a jewelled long sword
 19716 | Lair:6   | Identified the +5 long sword of Joelug {venom, rPois rF+
                  | Str+4} (You found it on level 6 of the Lair of Beasts)
 19858 | Lair:6   | Got a faintly humming ring mail
 19997 | Lair:6   | Gained mutation: When hurt, damage is shared between your
                  | health and your magic reserves. [demonic ancestry]
 19997 | Lair:6   | Reached XP level 14. HP: 73/86 MP: 21/31
 20006 | Lair:6   | Reached skill level 1 in Fighting
 20461 | Lair:6   | Reached skill level 14 in Conjurations
 20972 | Lair:6   | Identified the +3 ring mail of the Mutiny {-Tele Slay+2
                  | Stlth+} (You found it on level 6 of the Lair of Beasts)
 22229 | D:12     | Noticed Fannar
 22232 | D:12     | Killed Fannar
 22284 | D:12     | Found a flagged portal.
 22352 | Bailey   | Entered a bailey
 22866 | D:12     | Got an ichor-stained ring mail
 22867 | D:12     | Identified the +1 ring mail "Kejyel" {MP+9} (You found it
                  | on level 12 of the Dungeon)
 22884 | D:12     | Found Suwkeah's Assorted Antiques.
 22907 | D:12     | Bought 2 fizzy black potions for 61 gold pieces
 22907 | D:12     | Bought a scroll of identify for 68 gold pieces
 22907 | D:12     | Bought a purple potion for 30 gold pieces
 23146 | D:12     | Found a transporter.
 23150 | D:12     | Found a transporter.
 23155 | D:12     | Noticed Stomo's ghost (journeyman DrTm)
 23190 | D:12     | Reached skill level 5 in Fighting
 23190 | D:12     | Reached skill level 1 in Armour
 24338 | D:13     | Found a runed gate.
 24355 | D:13     | Noticed kriv's ghost (journeyman MiFi)
 24356 | D:13     | Found a runed gate.
 24356 | D:13     | Found a runed gate.
 24441 | D:13     | HP: 4/99 [12-headed hydra (2)]
 24441 | D:13     | Slain by a 12-headed hydra

Vault maps used:
D:1:      ldierk_walled_garden_2, hangedman_decor_points
D:2:      grunt_temple_overflow_diamond
D:3:      uniq_natasha
D:5:      kennysheep_okawaru_gauntlet, old_standard_altar,
          minmay_temple_entry_tees, basic_altar, first_ration
D:7:      nicolae_overflow_hidden_temple, uniq_prince_ribbit1
D:9:      minmay_statue_hallways
D:10:     erik_lair_orcish_takeover, orc_0_dummy
D:12:     enter_bailey_3, serial_shops, nicolae_shop_window_shopping,
          gammafunk_ghost_stat_death, uniq_fannar
D:13:     david_vaults_4, gammafunk_ghost_hydra_chop, hangedman_ranch
Lair:1:   nicolae_volcano_entry_two_sided, grunt_megastairs_3
Lair:2:   minmay_lair_venomous_thicket, elwin_shoals_entry_rooms,
          disabler_island
Lair:3:   pf_torpor_hydra
Lair:4:   dummy_snake_entry, gammafunk_ghost_ooze, infiniplex_staircase_pool
Lair:5:   nicolae_slime_entry_slimehenge, uniq_nessos
Lair:6:   hangedman_lair_in_review, hangedman_lair_caniforms_friends,
          lemuel_fruit_tree, uniq_snorg, uniq_kirke
Bailey:   bailey_axe_4, bailey
Volcano:  volcano_pools

Skill      XL: |  1  2  3  4  5  6  7  8  9 10 11 12 13 14 |
---------------+-------------------------------------------+-----
Fire Magic     | 3 4 5 6 8 9 10 12 13 | 13.0
Conjurations   | 2 3 4 5 6 8 9 11 12 13 14 | 14.4
Spellcasting   | 3 4 5 6 8 9 10 11 13 | 13.8
Fighting       | 5 |  5.9
Armour         | 2 |  2.8
Dodging        | |  1.7
Stealth        | |  1.7

Action                   |  1- 3 |  4- 6 |  7- 9 | 10-12 | 13-15 || total
-------------------------+-------+-------+-------+-------+-------++-------
Melee: Unarmed           |    44 |    13 |       |       |       ||    57
       Kick              |     3 |    14 |    11 |    11 |    99 ||   138
       Flail             |       |    11 |       |       |       ||    11
       Hand axe          |       |    51 |   195 |       |       ||   246
       War axe           |       |       |    39 |       |       ||    39
       Battleaxe         |       |       |    70 |   227 |   102 ||   399
       Long sword        |       |       |       |       |   216 ||   216
 Cast: Flame Tongue      |    72 |    57 |    50 |    82 |    47 ||   308
       Sticky Flame      |       |     9 |    40 |   100 |   102 ||   251
       Fireball          |       |       |     6 |    60 |   127 ||   193
       Throw Icicle      |       |       |       |    22 |    40 ||    62
       Conjure Flame     |       |       |       |     1 |     1 ||     2
Evoke: Wand              |       |       |       |     2 |     2 ||     4
  Use: Potion            |       |     2 |       |     3 |     1 ||     6
       Scroll            |       |       |     9 |     9 |    17 ||    35
 Stab: Sleeping          |       |     1 |     2 |     1 |       ||     4
  Eat: Chunk             |     3 |     6 |    10 |    34 |    35 ||    88
       Ration            |       |     1 |     5 |     2 |     3 ||    11
Armor: Robe              |    36 |    45 |   162 |   239 |   385 ||   867
Dodge: Dodged            |    95 |    91 |   197 |   329 |   494 ||  1206
Block: Other             |    16 |    51 |   105 |   133 |   226 ||   531
       Rpst.: Long sword |       |       |       |       |    59 ||    59

Table legend:
 A = Non-vault XP
 B = Vault XP
 C = Vault XP percentage of total XP
 D = Non-vault monster count
 E = Vault monster count
 F = Vault count percentage of total count
                 A         B        C        D         E       F
            +---------+---------+-------+---------+---------+-------
      Total |   58708 |   33817 |  36.5 |     413 |     155 |  27.3
            +---------+---------+-------+---------+---------+-------
        D:1 |      25 |       0 |   0.0 |      16 |       0 |   0.0
        D:2 |      73 |       0 |   0.0 |      25 |       0 |   0.0
        D:3 |      61 |      35 |  36.5 |      14 |       1 |   6.7
        D:4 |     335 |       0 |   0.0 |      23 |       0 |   0.0
        D:5 |     171 |       0 |   0.0 |       3 |       0 |   0.0
        D:6 |     868 |       0 |   0.0 |      17 |       0 |   0.0
        D:7 |     444 |     259 |  36.8 |      18 |       1 |   5.3
        D:8 |     985 |       0 |   0.0 |      14 |       0 |   0.0
        D:9 |    2126 |       0 |   0.0 |      21 |       0 |   0.0
       D:10 |    3659 |     694 |  15.9 |      27 |      10 |  27.0
       D:11 |    7426 |       0 |   0.0 |      40 |       0 |   0.0
       D:12 |    8203 |     984 |  10.7 |      43 |       5 |  10.4
       D:13 |    5529 |     322 |   5.5 |      34 |       1 |   2.9
     Lair:1 |    7153 |     894 |  11.1 |      34 |       5 |  12.8
     Lair:2 |    1908 |    1820 |  48.8 |      10 |      14 |  58.3
     Lair:3 |    3164 |    1428 |  31.1 |      10 |       2 |  16.7
     Lair:4 |    5374 |       0 |   0.0 |      27 |       0 |   0.0
     Lair:5 |    4579 |    2872 |  38.5 |      16 |       8 |  33.3
     Lair:6 |    6625 |   21958 |  76.8 |      21 |      77 |  78.6
     Bailey |       0 |    1206 | 100.0 |       0 |      26 | 100.0
    Volcano |       0 |    1345 | 100.0 |       0 |       5 | 100.0
            +---------+---------+-------+---------+---------+-------
